 Dungeon Crawl Stone Soup version 0.30-a0-571-gdf30a72648 (webtiles) character file.

Game seed: 9315797487431007926

39 bmack86 the Trooper (level 3, -2/33 HPs)
             Began as a Minotaur Fighter on Dec 29, 2022.
             Killed by divine providence
             ... invoked by an orc priest
              (11 damage)
             ... on level 3 of the Dungeon.
             The game lasted 00:04:24 (1253 turns).

bmack86 the Trooper (Minotaur Fighter)              Turns: 1253, Time: 00:04:25

Health: -2/33      AC:  9    Str: 22    XL:     3   Next: 28%
Magic:  2/2        EV:  7    Int:  5    God:
Gold:   126        SH:  5    Dex:  9    Spells: 2/2 levels left

rFire   . . .      SeeInvis .    a - +0 war axe
rCold   . . .      Faith    .    c - +1 buckler
rNeg    . . .      Spirit   .    n - +0 chain mail
rPois   .          Reflect  .    (helmet restricted)
rElec   .          Harm     .    (no cloak)
rCorr   .          Rampage  .    (no gloves)
Will    .....                    (no boots) Stlth
                                 m - amulet of the acrobat
HPRegen 0.25/turn                j - ring of flight
MPRegen 0.08/turn                (no ring)

@: lethally poisoned (-2 -> -4), flying
A: horns 2, retaliatory headbutt
a: no special abilities


You were on level 3 of the Dungeon.
You visited 1 branch of the dungeon, and saw 3 of its levels.

You collected 126 gold pieces.

Inventory:

Hand Weapons
 a - a +0 war axe (weapon)
Armour
 b - a +0 scale mail
 c - a +1 buckler (worn)
 n - a +0 chain mail (worn)
Jewellery
 j - a ring of flight (left hand)
 m - an amulet of the acrobat (around neck)
Scrolls
 h - a scroll of enchant armour
Potions
 d - 2 potions of might
 e - 2 potions of brilliance
 f - a potion of magic {unknown}
 g - a potion of lignification {unknown}
 i - a potion of flight {unknown}
 l - a potion of curing {unknown}


   Skills:
 + Level 4.0 Fighting
 * Level 3.4 Axes
 + Level 4.0 Armour
 + Level 4.0 Shields


You had 2 spell levels left.
You didn't know any spells.
Your spell library contained the following spells:

 Spells                   Type           Power      Damage    Failure   Level
 Magic Dart               Conj           0%         1d3       99%         1
 Searing Ray              Conj           0%         2d4       100%        2
 Summon Guardian Golem    Hex/Summ       0%         N/A       100%        3
 Fulminant Prism          Conj/Hex       0%         3d5       100%        4
 Orb of Destruction       Conj           0%         9d5       100%        7
 Spellforged Servitor     Conj/Summ      0%         N/A       100%        7


Dungeon Overview and Level Annotations

Branches:
Dungeon (3/15)

Altars:
Nemelex Xobeh


Innate Abilities, Weirdness & Mutations

You have a pair of horns on your head.
You reflexively headbutt those who attack you in melee.


Message History

The quokka closely misses you. You furiously retaliate!
You headbutt the quokka!
You kill the quokka!
You see here a quokka corpse.
An orc priest comes into view. It is wielding a +0 hand axe.
The orc priest shouts!
The orc priest moves out of view.
An adder, 2 orcs and a rat come into view.
The orc shouts!
An adder comes into view.
The adder moves out of view.
Found an escape hatch in the floor.
The adder hisses angrily.
An orc priest comes into view. It is wielding a +0 club.
An orc comes into view. It is wielding a +0 mace.
The orc priest shouts!
The orc shouts!
The orc priest invokes the aid of Beogh against you.
Beogh smites you!
Ouch! That really hurt!
The adder bites you.
You are poisoned.
The adder poisons you! The rat bites you but does no damage.
The orc completely misses you. You block the orc priest's attack.
The adder barely misses you.
You hit the orc priest.
The orc priest is lightly wounded.
You closely miss the orc. You hit the rat but do no damage.
You closely miss the adder.
You feel sick. The adder bites you but does no damage.
The rat bites you but does no damage. The orc hits you but does no damage.
You block the orc priest's attack.
You barely miss the orc priest.
The orc priest is lightly wounded.
You slash the rat!
You kill the rat!
You miss the adder. You closely miss the orc.
You feel sick. The adder bites you. The orc hits you with a +0 dagger.
* * * LOW HITPOINT WARNING * * *
The orc priest calls down the wrath of Beogh upon you.
Beogh smites you!
You die...

##.###.#
#.######
#.# #.# #.#
#.# #.# #.#
#.# #.# #.#
#.# #.# #.#
#.# #.# #.#
#####.# #.#
#<#
#.....###.#
#.#
#..o@.....#
#.#
#..SoS#####
###
....o..o.#
.....o...#
.........#
.........#
.....#..>#
.........#


You could see 2 orc priests, 2 adders and 3 orcs.

Vanquished Creatures
  3 dart slugs
  3 bats
  A giant cockroach (D:1)
  3 hobgoblins
  5 kobolds
  4 quokkas
  3 ball pythons (D:2)
  3 frilled lizards
  11 rats
36 creatures vanquished.

Notes
Turn   | Place    | Note
-------+----------+-------------------------------------------
     0 | D:1      | bmack86 the Minotaur Fighter began the quest for the Orb.
     0 | D:1      | Reached XP level 1. HP: 19/19 MP: 0/0
   102 | D:1      | Reached XP level 2. HP: 24/27 MP: 1/1
   688 | D:2      | Reached XP level 3. HP: 33/33 MP: 2/2
   877 | D:2      | Found a sparkling altar of Nemelex Xobeh.
   972 | D:2      | Found a faded altar of an unknown god.
  1253 | D:3      | Killed from afar by an orc priest

Illustrated notes

Levels and vault maps discovered:
D:1:      dpeg_arrival_ratfight, layout_basic, hangedman_decor_peaks_small
D:2:      minmay_recursive_quarters, layout_basic,
          shapermc_ecumenical_altar_totnotflames, basic_altar
D:3:      layout_basic, uniq_natasha

Skill      XL: |  1  2  3 |
---------------+----------+-----
Axes           | 3 |  3.4
Fighting       | 4 |  4.0
Shields        | 4 |  4.0
Armour         | 4 |  4.0

Action                   || total
-------------------------++-------
Melee: War axe           ||    71
       Headbutt          ||     8
  Use: Scroll            ||     3
Armor: Scale mail        ||    30
       Chain mail        ||     8
Dodge: Dodged            ||    40
Block: Buckler           ||    23

Table legend: (Time is in decaauts)
 A = Elapsed time spent in this place.
 B = Non-inter-level travel time spent in this place.
 C = Inter-level travel time spent in this place.
 D = Time resting spent in this place.
 E = Time spent auto-exploring this place.
 F = Levels seen in this place.
 G = Mean time per level.
                   A        B        C        D        E       F      G
               +--------+--------+--------+--------+--------+-----+--------+
         Total |   1278 |   1249 |     29 |      0 |    748 |   3 |  426.0 |
       Dungeon |   1278 |   1249 |     29 |      0 |    748 |   3 |  426.0 |
               +--------+--------+--------+--------+--------+-----+--------+

Top non-repeatable levels by time:
     D:2: 719 daAuts
     D:1: 508 daAuts
     D:3: 51 daAuts
